 Dungeon Crawl Stone Soup version 0.21.1-1-g345015f (webtiles) character file.

10894 wojtek the Cleaver (level 11, -12/95 HPs)
             Began as a Minotaur Fighter on July 23, 2018.
             Was a Believer of Makhleb.
             Mangled by a spiny frog (17 damage)
             ... on level 1 of the Lair of Beasts.
             The game lasted 00:12:49 (9790 turns).

wojtek the Cleaver (Minotaur Fighter)               Turns: 9790, Time: 00:12:50

Health: -12/95     AC: 11    Str: 23 (24) XL:     11   Next: 42%
Magic:  15/15      EV: 11    Int:  3 (5)  God:    Makhleb [**....]
Gold:   623        SH: 11    Dex:  7 (10) Spells: 10/10 levels left

rFire    . . .     SeeInvis +   a - +0 war axe
rCold    . . .     Gourm    .   c - +0 shield
rNeg     . . .     Faith    .   b - +0 scale mail
rPois    +         Spirit   .   R - +2 hat
rElec    .         Reflect  .   (no cloak)
rCorr    .         Harm     .   J - +0 pair of gloves of the Stallion {rPois}
MR       .....                  (no boots)
Stlth    ..........             (no amulet)
HPRegen  0.25/turn              n - ring of see invisible
MPRegen  0.14/turn              (no ring)

@: lethally poisoned (-12 -> -12)
A: retaliatory headbutt, horns 2
a: Minor Destruction, Renounce Religion


You were on level 1 of the Lair of Beasts.
You worshipped Makhleb.
Makhleb was pleased with you.
You were hungry.

You visited 2 branches of the dungeon, and saw 11 of its levels.

You collected 623 gold pieces.

Inventory:

Hand Weapons
 a - a +0 war axe (weapon)
Missiles
 r - a throwing net (quivered)
Armour
 b - a +0 scale mail (worn)
 c - a +0 shield (worn)
 J - the +0 pair of gloves of the Stallion (worn) {rPois}
   (You found it on level 8 of the Dungeon)

   It protects you from poison.
 R - a +2 hat (worn)
Jewellery
 n - a ring of see invisible (left hand)
 G - a cursed ring of teleportation {unknown}
 H - an uncursed ring of poison resistance {unknown}
Wands
 y - a wand of iceblast (11)
 A - a wand of flame (86)
 B - a wand of acid (6)
 C - a wand of random effects (52)
 E - a wand of disintegration (5)
Scrolls
 e - 7 scrolls of enchant weapon
 h - 5 scrolls of identify
 i - 3 scrolls of noise
 j - 3 scrolls of fog
 l - 6 scrolls of teleportation
 p - 2 scrolls of magic mapping
 q - 2 scrolls of immolation
 u - a scroll of enchant armour {unknown}
 w - a scroll of amnesia {unknown}
 x - a scroll of acquirement {unknown}
 z - a scroll of vulnerability {unknown}
 D - a scroll of remove curse
 F - 2 scrolls of fear {unknown}
 I - a scroll of summoning {unknown}
 Q - a scroll of blinking {unknown}
Potions
 d - a potion of might
 g - 3 potions of degeneration
 m - 3 potions of haste {unknown}
 o - a potion of ambrosia {unknown}
 s - a potion of magic {unknown}
 t - a potion of mutation {unknown}
 v - 3 potions of heal wounds {unknown}
 O - 2 potions of berserk rage {unknown}
 P - 2 potions of lignification {unknown}
Books
 K - a book of Minor Magic

   Spells                             Type                      Level
   a - Magic Dart                     Conjuration                  1
   b - Blink                          Translocation                2
   c - Call Imp                       Summoning                    2
   d - Slow                           Hexes                        2
   e - Conjure Flame                  Conjuration/Fire             3
   f - Mephitic Cloud                 Conjuration/Poison/Air       3
 L - a book of Flames

   Spells                             Type                      Level
   a - Flame Tongue                   Conjuration/Fire             1
   b - Throw Flame                    Conjuration/Fire             2
   c - Conjure Flame                  Conjuration/Fire             3
   d - Inner Flame                    Hexes/Fire                   3
   e - Sticky Flame                   Conjuration/Fire             4
   f - Fireball                       Conjuration/Fire             5
Miscellaneous
 M - a phantom mirror
Comestibles
 f - 16 rations


   Skills:
 + Level 8.8 Fighting
 + Level 11.1 Axes
 + Level 8.8 Armour
 + Level 7.1 Dodging
 + Level 8.9 Shields
 * Level 6.8 Invocations
 + Level 4.2 Evocations


You had 10 spell levels left.
You didn't know any spells.

Dungeon Overview and Level Annotations

Branches:
Dungeon (10/15)            Temple (0/1) D:7            Lair (1/6) D:8
    Orc (0/2) D:10

Altars:
Dithmenos
Elyvilon
Gozag
Kikubaaqudgha
Makhleb
Nemelex Xobeh
Qazlal
Sif Muna
Wu Jian

Shops:
D:5 }   D:7 :

Annotations:
D:5 1 exclusion


Innate Abilities, Weirdness & Mutations

You reflexively headbutt those who attack you in melee.
You have a pair of horns on your head.


Message History

You feel sick.
Okay, then.
You feel sick.
You feel sick.
You feel sick. You block the spiny frog's attack.
You feel sick.
You feel sick. The spiny frog stings you!
* * * LOW HITPOINT WARNING * * *
You feel sick. The spiny frog stings you!!
* * * LOW HITPOINT WARNING * * *
A spiny frog comes into view.
You feel sick.
The spiny frog gives a loud, deep croak!
You block the spiny frog's attack.
It was a potion of degeneration.
There was something very wrong with that liquid.
You feel weakened.
You feel dopey.
You feel clumsy. The spiny frog stings you!
You die...

## ######
.###########..#.########
...............F@....F..
..........##.#FF##.###..
.........+...#..# #
.#......
.........P...#..#
#........#
#..#.........#..#
#........
......#..P...P.t##
#..#....#
......+..#...P...#
#..#....###D
......#..#...#...#
#..#..F....
..........###...##
#..#†Ft.#


You could see 4 spiny frogs and a crocodile.

Vanquished Creatures
  Gastronok (D:10)
  3 two-headed ogres
  Pikel (D:5)
  A guardian serpent (D:10)
  Psyche (D:10)
  2 spiny frogs (Lair:1)
  The ghost of Ethylacetat the Poker, an amateur NaGl of Okawaru (D:4)
  3 hippogriffs
  5 yaks
  Grum (D:10)
  A wyvern (D:10)
  A human (D:7)
  A hungry ghost (D:7)
  3 hogs (D:7)
  A black bear (D:10)
  An orc warrior (D:6)
  A sky beast (D:5)
  2 ice beasts
  A slave (D:5)
  2 phantoms
  A necrophage (D:9)
  An ogre (D:7)
  A centaur (D:3)
  2 wolves
  2 crocodiles (D:8)
  2 bullfrogs
  A gnoll sergeant (D:5)
  3 scorpions
  The ghost of dscm the Skirmisher, a weakling HOFi (D:3)
  6 killer bees (D:10)
  5 wights (D:7)
  A howler monkey (D:5)
  A bullfrog zombie (D:3)
  2 crimson imps
  4 hounds
  A quasit (D:6)
  2 orc priests
  5 jellies
  A centaur skeleton (D:7)
  A bullfrog skeleton (D:10)
  5 orc wizards
  3 iguanas
  9 worker ants
  A killer bee zombie (D:8)
  2 hound skeletons
  8 gnolls
  8 adders
  A shadow imp (D:10)
  4 oozes
  An adder zombie (D:7)
  An adder skeleton (D:7)
  A worm (D:2)
  A dart slug (D:1)
  12 leopard geckos
  19 orcs
  3 ball pythons
  11 giant cockroaches
  11 goblins
  8 hobgoblins
  9 jackals
  5 kobolds
  6 quokkas
  6 bats
  2 frilled lizards
  A jackal skeleton (D:4)
  A leopard gecko skeleton (D:4)
  11 rats
226 creatures vanquished.

Vanquished Creatures (others)
  A frilled lizard (D:1)
1 creature vanquished.

Grand Total: 227 creatures vanquished

Notes
Turn   | Place    | Note
-------+----------+-------------------------------------------
     0 | D:1      | wojtek the Minotaur Fighter began the quest for the Orb.
     0 | D:1      | Reached XP level 1. HP: 19/19 MP: 0/0
     2 | D:1      | Found a runed door.
    42 | D:1      | Reached skill level 3 in Axes
    45 | D:1      | Reached XP level 2. HP: 19/26 MP: 1/1
   283 | D:1      | Reached skill level 4 in Axes
   644 | D:1      | Reached XP level 3. HP: 31/31 MP: 2/2
   666 | D:1      | Reached skill level 5 in Axes
   684 | D:2      | Found a white marble altar of Elyvilon.
   745 | D:2      | Reached XP level 4. HP: 39/39 MP: 3/3
  1144 | D:3      | Noticed a centaur
  1149 | D:3      | Killed a centaur
  1149 | D:3      | Reached skill level 6 in Axes
  1149 | D:3      | Reached XP level 5. HP: 38/45 MP: 4/4
  1221 | D:3      | Reached skill level 7 in Axes
  1555 | D:3      | Found a shadowy altar of Dithmenos.
  1669 | D:3      | Noticed dscm's ghost (weakling HOFi)
  1679 | D:3      | Reached XP level 6. HP: 51/51 MP: 5/5
  1683 | D:3      | Killed dscm's ghost
  1683 | D:3      | Reached skill level 8 in Axes
  1711 | D:3      | Found a sparkling altar of Nemelex Xobeh.
  2360 | D:4      | Noticed Ethylacetat's ghost (amateur NaGl)
  2604 | D:4      | Reached skill level 1 in Dodging
  2718 | D:4      | Killed Ethylacetat's ghost
  2718 | D:4      | Reached XP level 7. HP: 20/60 MP: 6/6
  3346 | D:5      | Entered Level 5 of the Dungeon
  3575 | D:5      | Noticed Pikel
  3617 | D:5      | Killed Pikel
  3617 | D:5      | Reached skill level 5 in Fighting
  3617 | D:5      | Reached skill level 9 in Axes
  3617 | D:5      | Reached skill level 5 in Armour
  3617 | D:5      | Reached skill level 5 in Shields
  3617 | D:5      | Reached XP level 8. HP: 59/68 MP: 7/7
  3766 | D:5      | Found a deep blue altar of Sif Muna.
  4145 | D:5      | Found Ehep's Gadget Shop.
  5175 | D:6      | Reached XP level 9. HP: 54/77 MP: 8/8
  5488 | D:7      | Found a burning altar of Makhleb.
  5526 | D:7      | Became a worshipper of Makhleb the Destroyer
  5672 | D:7      | Found a staircase to the Ecumenical Temple.
  5742 | D:7      | Found Raasab's Book Emporium.
  5807 | D:7      | Reached skill level 1 in Invocations
  5823 | D:7      | Reached skill level 1 in Evocations
  5831 | D:7      | Reached skill level 5 in Dodging
  6185 | D:7      | Reached * piety under Makhleb
  6204 | D:7      | Reached skill level 10 in Axes
  6233 | D:7      | Found an ornate altar of the Wu Jian Council.
  6449 | D:8      | Found a staircase to the Lair.
  6484 | D:8      | Reached XP level 10. HP: 12/86 MP: 11/11
  6989 | D:8      | Got a pair of faintly glowing gloves
  7002 | D:8      | Identified the +0 pair of gloves of the Stallion {rPois} (You found it on level 8 of the Dungeon)
  7107 | D:8      | Found an ancient bone altar of Kikubaaqudgha.
  7107 | D:8      | Found a stormy altar of Qazlal.
  7632 | D:9      | Noticed a two-headed ogre
  7637 | D:9      | Killed a two-headed ogre
  7735 | D:9      | Found an opulent altar of Gozag.
  7912 | D:9      | Reached ** piety under Makhleb
  7942 | D:10     | Entered Level 10 of the Dungeon
  7962 | D:10     | Reached skill level 5 in Invocations
  7967 | D:10     | Noticed Grum
  8268 | D:10     | Killed Grum
  8337 | D:10     | Found a staircase to the Orcish Mines.
  8377 | D:10     | Noticed Gastronok
  8398 | D:10     | Killed Gastronok
  8398 | D:10     | Reached XP level 11. HP: 84/95 MP: 14/14
  8933 | D:10     | Noticed a two-headed ogre
  8950 | D:10     | Killed a two-headed ogre
  8950 | D:10     | Reached skill level 11 in Axes
  9323 | D:10     | Noticed Psyche
  9328 | D:10     | Killed Psyche
  9348 | D:10     | Noticed a two-headed ogre
  9356 | D:10     | Killed a two-headed ogre
  9716 | Lair:1   | Entered Level 1 of the Lair of Beasts
  9768 | Lair:1   | Noticed an eight-headed hydra
  9790 | Lair:1   | Mangled by a spiny frog

Skill      XL: |  1  2  3  4  5  6  7  8  9 10 11 |
---------------+----------------------------------+-----
Axes           | 3 4 5 6 7 8 9 10 11 | 11.1
Dodging        | 2 3 4 5 6 7 |  7.1
Fighting       | 4 5 6 7 8 |  8.8
Armour         | 4 5 6 7 8 |  8.8
Shields        | 4 5 6 7 8 |  8.9
Invocations    | 3 6 |  6.8
Evocations     | 2 3 4 |  4.2

Action                   |  1- 3 |  4- 6 |  7- 9 | 10-12 || total
-------------------------+-------+-------+-------+-------++-------
Melee: War axe           |    94 |   148 |   319 |   203 ||   764
       Headbutt          |    18 |    26 |    61 |    53 ||   158
Evoke: Wand              |       |       |       |    14 ||    14
  Use: Scroll            |       |       |     8 |       ||     8
       Potion            |       |       |       |     1 ||     1
  Eat: Chunk             |       |     6 |    14 |     7 ||    27
       Ration            |       |       |       |     1 ||     1
Armor: Scale mail        |    44 |    54 |   115 |    56 ||   269
Dodge: Dodged            |    24 |    36 |   111 |    98 ||   269
Block: Shield            |    44 |    68 |   179 |   138 ||   429
